 Dungeon Crawl Stone Soup version 0.31-a0-354-g827e0957a7 (webtiles) character file.

Game seed: 11710732849318193284

575 Shayle the Insei (level 7, -2/78 HPs)
             Began as a Gnoll Shapeshifter on July 23, 2023.
             Was an Initiate of Ashenzari.
             Slain by a gnoll
             ... wielding a +0 halberd
              (7 damage)
             ... on level 4 of the Dungeon.
             The game lasted 00:07:06 (2973 turns).

Shayle the Insei (Gnoll Shapeshifter)               Turns: 2973, Time: 00:07:06

Health: -2/78      AC: 23    Str: 14    XL:     7   Next: 35%
Magic:  10/10      EV:  2    Int: 14    God:    Ashenzari [......]
Gold:   133        SH:  0    Dex: 14    Spells: 11/11 levels left

rFire   . . .        n - +2 flail (venom)
rCold   . . .        (no shield)
rNeg    . . .        q - melded +0 ring mail
rPois   +            (helmet currently unavailable)
rElec   .            (cloak currently unavailable)
rCorr   .            (gloves currently unavailable)
SInv    .            (boots currently unavailable)
Will    .....        (no amulet)
Stlth   ++           g - +6 ring of intelligence
HPRegen 0.33/turn    (no ring)
MPRegen 0.12/turn

%: no passive effects
@: tree-form, invisible
A: stationary, stasis, torment immunity, boosted hp, (fangs 1), strong nose,
distributed training
a: Renounce Religion, Curse Item


You were on level 4 of the Dungeon.
You worshipped Ashenzari.
Ashenzari was noncommittal.
You were a tree.
You visited 1 branch of the dungeon, and saw 5 of its levels.

You collected 133 gold pieces.

Inventory:

Hand Weapons
 n - a +2 flail of venom (weapon)
Armour
 a - a +0 animal skin
 q - a +0 ring mail (melded)
Jewellery
 g - a +6 ring of intelligence (left branch)
Talismans
 c - a beast talisman
 j - a blade talisman
Wands
 p - a wand of polymorph (10)
Scrolls
 h - a scroll of acquirement {unknown}
 l - a scroll of fear {unknown}
 o - a scroll of amnesia {unknown}
 r - a scroll of teleportation {unknown}
 s - a scroll of summoning {unknown}
 t - a scroll of silence {unknown}
Potions
 d - a potion of brilliance
 e - a potion of cancellation {unknown}
 f - a potion of attraction
 k - a potion of heal wounds {unknown}


   Skills:
 + Level 3.6 Fighting
 + Level 2.5 Short Blades
 + Level 2.5 Long Blades
 + Level 2.5 Axes
 + Level 2.5 Maces & Flails
 + Level 2.5 Polearms
 + Level 2.5 Staves
 + Level 2.5 Ranged Weapons
 + Level 2.5 Throwing
 + Level 2.5 Armour
 + Level 5.2 Dodging
 + Level 2.5 Stealth
 + Level 2.5 Shields
 + Level 7.0 Unarmed Combat
 + Level 2.5 Spellcasting
 + Level 2.0 Conjurations
 + Level 2.0 Hexes
 + Level 2.0 Summonings
 + Level 2.0 Necromancy
 + Level 2.0 Translocations
 + Level 2.0 Transmutations
 + Level 2.0 Fire Magic
 + Level 2.0 Ice Magic
 + Level 2.0 Air Magic
 + Level 2.0 Earth Magic
 + Level 2.0 Poison Magic
 + Level 2.7 Invocations
 + Level 2.5 Evocations
 + Level 6.8 Shapeshifting


You had 11 spell levels left.
You didn't know any spells.
Your spell library contained the following spells:

 Spells                   Type           Power      Damage    Failure   Level
 Necrotise                Necr           28%        1d5       10%         1
 Vampiric Draining        Necr           7%         2d6       28%         3
 Agony                    Necr           7%         N/A       95%         5


Dungeon Overview and Level Annotations

Branches:
Dungeon (5/15)
 Temple: D:4-7

Altars:
Ashenzari
Xom


Innate Abilities, Weirdness & Mutations

You are a tree.
Your roots penetrate the ground, keeping you stationary.
You cannot be teleported.
You are immune to unholy pain and torment.
Your maximum health is greatly increased.
Your equipment is partially melded.
((You have very sharp teeth.))
Your uncanny sense of smell can sniff out nearby items.
Your experience applies equally to all skills.


Message History

There is a stone staircase leading up here.
The gnoll bouda barks out a call to the hunt!
The gnolls pick up the pace!
The gnoll hits you but does no damage.
You climb upwards.
The gnoll hits you from afar with a +0 halberd! x2
The gnoll barely misses you.
The gnoll hits you from afar with a +0 spear.
There is a stone staircase leading down here.
Okay, then.
Unknown command.
The gnoll hits you with a +0 halberd. The gnoll hits you but does no damage.
The gnoll hits you with a +0 halberd!
* * * LOW HITPOINT WARNING * * *
The gnoll hits you with a +0 club.
* * * LOW HITPOINT WARNING * * *
Unknown command.
Really quaff the potion of lignification?
Your transformation has ended.
You turn into a tree.
Your +0 ring mail melds into your body.
Your roots penetrate the ground.
The gnoll hits you but does no damage. The gnoll hits you with a +0 halberd.
* * * LOW HITPOINT WARNING * * *
The gnoll hits you but does no damage. x2
Unknown command.
You fade into invisibility!
The gnoll hits you but does no damage. x2; The gnoll barely misses you.
The gnoll hits you but does no damage.
Unknown command.
You hit the gnoll.
The gnoll is poisoned.
The gnoll is moderately wounded.
The gnoll hits you but does no damage. x3; The gnoll barely misses you.
You closely miss the gnoll. You punch the gnoll.
The gnoll is almost dead.
The gnoll hits you but does no damage. x5
You catch the helpless gnoll completely off-guard!
You hit the gnoll.
You kill the gnoll!
The gnoll hits you but does no damage. The gnoll hits you with a +0 halberd!
You die...

..............#.# #.. #.##
..#####)#######..###..#... .#
##.# #...##.#.## ###..#
##.##.#.##
#...###########.##.#.## #.###
#.[....##.##..... #.#
#................ ##.#
##>.............## #..#
##♣).............##
#.####gg................
##.###.................#.
###.∆##....g..............#
#..................##......
#...#....[.........##..#..#
#....##.#..#........###.#..#.
#...##..#..........<###......
......................####....


You could see 3 gnolls.

Vanquished Creatures
  A black bear (D:3)
  A centaur (D:4)
  A scorpion (D:4)
  2 hounds
  An orc priest (D:3)
  An iguana (D:4)
  Terence (D:2)
  An orc wizard (D:3)
  10 gnolls
  2 adders
  A worm (D:3)
  8 orcs (D:3)
  A bat (D:1)
  6 endoplasms
  A giant cockroach (D:4)
  10 goblins
  4 hobgoblins
  3 jackals (D:2)
  A quokka (D:2)
  7 ball pythons
  4 kobolds
  6 rats
73 creatures vanquished.

Notes
Turn   | Place    | Note
-------+----------+-------------------------------------------
     0 | D:1      | Shayle the Gnoll Shapeshifter began the quest for the Orb.
     0 | D:1      | Reached XP level 1. HP: 17/17 MP: 1/1
   226 | D:1      | Reached XP level 2. HP: 18/23 MP: 2/2
   731 | D:1      | You fall into a shaft and drop 1 floor!
   747 | D:2      | Found a faded altar of an unknown god.
   976 | D:2      | Reached XP level 3. HP: 22/28 MP: 3/3
  1008 | D:2      | Found a shimmering altar of Xom.
  1168 | D:2      | Reached skill level 1 in Invocations
  1202 | D:2      | Noticed Terence
  1208 | D:2      | Killed Terence
  1209 | D:2      | Reached skill level 1 in Short Blades
  1209 | D:2      | Reached skill level 1 in Long Blades
  1209 | D:2      | Reached skill level 1 in Axes
  1209 | D:2      | Reached skill level 1 in Maces & Flails
  1209 | D:2      | Reached skill level 1 in Polearms
  1209 | D:2      | Reached skill level 1 in Staves
  1209 | D:2      | Reached skill level 1 in Ranged Weapons
  1209 | D:2      | Reached skill level 1 in Throwing
  1209 | D:2      | Reached skill level 1 in Armour
  1209 | D:2      | Reached skill level 1 in Stealth
  1209 | D:2      | Reached skill level 1 in Shields
  1209 | D:2      | Reached skill level 1 in Spellcasting
  1209 | D:2      | Reached skill level 1 in Evocations
  1209 | D:2      | Reached XP level 4. HP: 34/34 MP: 5/5
  1541 | D:3      | Reached skill level 1 in Conjurations
  1541 | D:3      | Reached skill level 1 in Hexes
  1541 | D:3      | Reached skill level 1 in Summonings
  1541 | D:3      | Reached skill level 1 in Necromancy
  1541 | D:3      | Reached skill level 1 in Translocations
  1541 | D:3      | Reached skill level 1 in Transmutations
  1541 | D:3      | Reached skill level 1 in Fire Magic
  1541 | D:3      | Reached skill level 1 in Ice Magic
  1541 | D:3      | Reached skill level 1 in Air Magic
  1541 | D:3      | Reached skill level 1 in Earth Magic
  1541 | D:3      | Reached skill level 1 in Poison Magic
  1724 | D:3      | Reached XP level 5. HP: 40/40 MP: 5/7
  1808 | D:3      | Noticed a black bear
  1817 | D:3      | Killed a black bear
  1818 | D:3      | Reached XP level 6. HP: 18/47 MP: 8/8
  1953 | D:3      | Found a broken altar of Ashenzari.
  2055 | D:3      | Reached skill level 5 in Dodging
  2086 | D:3      | Became a worshipper of Ashenzari the Shackled
  2706 | D:4      | Reached XP level 7. HP: 45/52 MP: 10/10
  2772 | D:4      | Reached skill level 7 in Unarmed Combat
  2965 | D:5      | Entered Level 5 of the Dungeon
  2973 | D:4      | Slain by a gnoll

Illustrated notes

Levels and vault maps discovered:
D:1:      dpeg_arrival_round_b, layout_basic
D:2:      layout_loops_ring, basic_altar, ebering_ecumenical_altar_rust,
          minmay_misc_feat_roman, uniq_terence
D:3:      layout_loops_corners, mainiacjoe_overflow_six_doors_small
D:4:      layout_rooms, mainiacjoe_overflow_concentric_impassable, serial_shops,
          nicolae_shop_industrial_runoff, hangedman_abyss_or_decor_lesser_grid,
          uniq_menkaure
D:5:      layout_basic, minmay_temple_entry_poolview, gammafunk_ghost_mausoleum,
          chequers_arboretum, hangedman_minor_gate_pass

Skill      XL: |  1  2  3  4  5  6  7 |
---------------+----------------------+-----
Invocations    | 1 2 |  2.7
Short Blades   | 1 2 |  2.5
Long Blades    | 1 2 |  2.5
Axes           | 1 2 |  2.5
Maces & Flails | 1 2 |  2.5
Polearms       | 1 2 |  2.5
Staves         | 1 2 |  2.5
Ranged Weapons | 1 2 |  2.5
Throwing       | 1 2 |  2.5
Armour         | 1 2 |  2.5
Stealth        | 1 2 |  2.5
Shields        | 1 2 |  2.5
Spellcasting   | 1 2 |  2.5
Evocations     | 1 2 |  2.5
Conjurations   | 1 2 |  2.0
Hexes          | 1 2 |  2.0
Summonings     | 1 2 |  2.0
Necromancy     | 1 2 |  2.0
Translocations | 1 2 |  2.0
Transmutations | 1 2 |  2.0
Fire Magic     | 1 2 |  2.0
Ice Magic      | 1 2 |  2.0
Air Magic      | 1 2 |  2.0
Earth Magic    | 1 2 |  2.0
Poison Magic   | 1 2 |  2.0
Fighting       | 3 |  3.6
Dodging        | 5 |  5.2
Unarmed Combat | 7 |  7.0
Shapeshifting  | |  6.8

Action                     |  1- 3 |  4- 6 |  7- 9 || total
---------------------------+-------+-------+-------++-------
  Melee: Unarmed           |    57 |       |       ||    57
         Bite              |     2 |     5 |     1 ||     8
         Punch             |     1 |     3 |     1 ||     5
         Flail             |       |    73 |    13 ||    86
    Use: Potion            |       |       |     7 ||     7
   Stab: Sleeping          |     1 |       |       ||     1
         Invisible         |       |       |     1 ||     1
 Armour: Animal skin       |    11 |     4 |       ||    15
         Ring mail         |       |     7 |    15 ||    22
         Skin              |       |       |    15 ||    15
  Dodge: Dodged            |    27 |    57 |    24 ||   108

Table legend: (Time is in decaauts)
 A = Elapsed time spent in this place.
 B = Non-inter-level travel time spent in this place.
 C = Inter-level travel time spent in this place.
 D = Time resting spent in this place.
 E = Time spent auto-exploring this place.
 F = Levels seen in this place.
 G = Mean time per level.
                   A        B        C        D        E       F      G
               +--------+--------+--------+--------+--------+-----+--------+
         Total |   2992 |   2911 |     81 |    291 |   2023 |   5 |  598.4 |
       Dungeon |   2992 |   2911 |     81 |    291 |   2023 |   5 |  598.4 |
               +--------+--------+--------+--------+--------+-----+--------+

Top non-repeatable levels by time:
     D:3: 1161 daAuts
     D:2: 763 daAuts
     D:1: 727 daAuts
     D:4: 337 daAuts
     D:5: 1 daAuts
